 Dungeon Crawl Stone Soup version 0.28.0-53-g5a82cb258f (webtiles) character file.

Game seed: 17474995791865677979

74 SanguineChosen the Chopper (level 4, -5/41 HPs)
             Began as a Minotaur Berserker on July 31, 2022.
             Was a Believer of Trog.
             Killed from afar by Terence (13 damage)
             ... with a puff of flame
             ... on level 2 of the Dungeon.
             The game lasted 00:04:33 (2347 turns).

SanguineChosen the Chopper (Minotaur Berserker)     Turns: 2347, Time: 00:04:34

Health: -5/41      AC:  5    Str: 23    XL:     4   Next: 9%
Magic:  3/3        EV: 11    Int:  4    God:    Trog [**....]
Gold:   85         SH:  0    Dex: 10    Spells: 3/3 levels left

rFire   . . .      SeeInvis .   a - +0 hand axe
rCold   . . .      Faith    .   (no shield)
rNeg    . . .      Spirit   .   i - +0 ring mail
rPois   .          Reflect  .   (helmet restricted)
rElec   .          Harm     .   (no cloak)
rCorr   .          Rampage  .   (no gloves)
Will    .....                   (no boots)
Stlth   ..........              (no amulet)
HPRegen 0.13/turn               (no ring)
MPRegen 0.08/turn               (no ring)

@: flying
A: horns 2, retaliatory headbutt
a: Renounce Religion, Berserk, Trog's Hand


You were on level 2 of the Dungeon.
You worshipped Trog.
Trog was pleased with you.
You visited 1 branch of the dungeon, and saw 2 of its levels.

You collected 85 gold pieces.

Inventory:

Hand Weapons
 a - a +0 hand axe (weapon)
Armour
 i - a +0 ring mail (worn)
Scrolls
 c - 2 scrolls of fear {unknown}
 e - a scroll of immolation {unknown}
 g - a scroll of identify {unknown}
 h - a scroll of fog {unknown}
Potions
 d - 2 potions of brilliance {unknown}


   Skills:
 + Level 4.7 Fighting
 + Level 4.7 Axes
 + Level 2.8 Armour
 + Level 2.6 Dodging


You had 3 spell levels left.
You didn't know any spells.
Your spell library was empty.

Dungeon Overview and Level Annotations

Branches:
Dungeon (2/15)

Altars:

Annotations:
D:2 Terence


Innate Abilities, Weirdness & Mutations

You have a pair of horns on your head.
You reflexively headbutt those who attack you in melee.


Message History

You barely miss the endoplasm.
The endoplasm hits you but does no damage.
You hit the endoplasm but do no damage. The endoplasm closely misses you.
You hit the endoplasm but do no damage. You headbutt the endoplasm.
The endoplasm is almost dead.
The endoplasm hits you but does no damage.
You hit the endoplasm.
You kill the endoplasm!
Trog accepts your kill.
No target in view!
No target in view!
Terence the Incautious comes into view.
He is wielding a +0 mace, wearing a +0 chain mail of willpower and carrying a wand of flame (22).
Terence shouts!
Terence zaps a wand.
The puff of flame misses you.
Terence zaps a wand.
The puff of flame hits you! Terence hits you with a +0 mace.
Terence zaps a wand.
The puff of flame hits you.
You barely miss Terence. Terence hits you with a +0 mace!
You hit Terence. You headbutt Terence, but do no damage.
Terence is moderately wounded.
Terence says, "Don't bother to defend, it's senseless."
Terence hits you but does no damage.
You hit Terence. You headbutt Terence, but do no damage.
Terence is heavily wounded.
Terence zaps a wand.
The puff of flame hits you.
You hit Terence but do no damage.
Terence is heavily wounded.
Terence zaps a wand.
The puff of flame misses you.
You hit Terence but do no damage. Your headbutt misses Terence.
Your punch misses Terence.
Terence is heavily wounded.
Terence zaps a wand.
The puff of flame hits you.
* * * LOW HITPOINT WARNING * * *
You closely miss Terence. You headbutt Terence.
Terence is heavily wounded.
Terence barely misses you.
It was a potion of flight.
You feel very buoyant.
You fly up into the air.
Terence zaps a wand.
The puff of flame hits you!
You die...

........# ###..###
........# #......# #
........# ###...:..##.
........+ .......)....
........#######....)..#.
........................
........# ###....<..##
.......@#### #.......#
.##....@...# #......##
#........# #......#
#........# #......#
#........# #......#
#........####......#
...........(##....<.#
###..........########
#..........###
######.......#


You could see Terence.

Vanquished Creatures
  4 gnolls
  A dart slug (D:1)
  4 ball pythons
  2 bats (D:1)
  4 endoplasms
  2 giant cockroaches
  2 hobgoblins (D:1)
  2 quokkas (D:1)
  3 frilled lizards (D:1)
  3 goblins (D:1)
  A kobold (D:1)
  6 rats (D:1)
34 creatures vanquished.

Notes
Turn   | Place    | Note
-------+----------+-------------------------------------------
     0 | D:1      | SanguineChosen the Minotaur Berserker began the quest for
                  | the Orb.
     0 | D:1      | Reached XP level 1. HP: 19/19 MP: 0/0
   475 | D:1      | Reached XP level 2. HP: 27/27 MP: 1/1
  1488 | D:1      | Reached XP level 3. HP: 11/34 MP: 2/2
  1698 | D:1      | Reached ** piety under Trog
  2065 | D:2      | Reached XP level 4. HP: 38/41 MP: 3/3
  2305 | D:2      | Found a faded altar of an unknown god.
  2328 | D:2      | Noticed Terence
  2347 | D:2      | Killed from afar by Terence

Illustrated notes

Levels and vault maps discovered:
D:1:      lemuel_arrival_room, layout_basic
D:2:      layout_basic, ebering_ecumenical_altar_rust, uniq_sigmund,
          uniq_terence

Skill      XL: |  1  2 |
---------------+-------+-----
Fighting       | 4 |  4.7
Axes           | 4 |  4.7
Armour         | |  2.8
Dodging        | |  2.6

Action                   |  1- 3 |  4- 6 || total
-------------------------+-------+-------++-------
Melee: Hand axe          |    77 |    16 ||    93
       Headbutt          |    10 |     5 ||    15
       Punch             |     2 |       ||     2
  Use: Potion            |       |     1 ||     1
Armor: Animal skin       |     8 |       ||     8
       Ring mail         |     6 |     7 ||    13
Dodge: Dodged            |    53 |     4 ||    57
